[Event "10th LCC FIDE Open 2018"]
[Site "London"]
[Date "2018.12.15"]
[Round "7"]
[White "Russell, Christopher"]
[Black "Frank, Tena, Dr."]
[Result "1-0"]
[ECO "B22"]
[WhiteElo "2169"]
[BlackElo "1899"]
[Annotator "NA"]
[PlyCount "95"]
[EventDate "2018.12.09"]
[EventType "swiss"]
[EventCountry "ENG"]
[SourceTitle "playchess.com"]
[Source "ChessBase"]
[SourceQuality "1"]
[TimeControl "40/5400+30:1800+30"]

1. e4 c5 2. c3 Nf6 3. e5 Nd5 4. g3 d6 5. exd6 Qxd6 6. Bg2 Nc6 7. Nf3 Bf5 8. O-O Bd3 9. Re1 h6 10. Qb3 e6 11. Na3 Nb6 12. Nb5 Qd7 13. a4 Be7 14. Nxa7 Rxa7 15. Qxb6 Ra6 16. Qb3 O-O 17. Qd1 Bf6 18. Re3 c4 19. Ne1 Bg5 20. f4 Be7 21. Nxd3 cxd3 22. Kh1 Bc5 23. Re1 b5 24. b4 Ba7 25. Bb2 Ne7 26. axb5 Qxb5 27. Qb3 Bf2 28. Rf1 Rxa1 29. Bxa1 Bc5 30. Qb1 Bb6 31. Be4 Rd8 32. Rf3 Qh5 33. Kg2 g5 34. c4 f5 35. Bxd3 gxf4 36. c5 Bc7 37. Qb2 e5 38. Bc4+ Kh7 39. Rxf4 Ng6 40. Rf2 Qg4 41. Qc2 e4 42. Be2 Qg5 43. Bc3 h5 44. Qa2 Rd7 45. Qe6 Nh4+ 46. Kf1 Re7 47. gxh4 Qxh4 48. Qxf5+ 1-0

[Event "10th LCC FIDE Open 2018"]
[Site "London"]
[Date "2018.12.15"]
[Round "7"]
[White "Pollack, Oscar"]
[Black "Bradbury, Neil H"]
[Result "0-1"]
[ECO "B80"]
[WhiteElo "2150"]
[BlackElo "2336"]
[Annotator "NA"]
[PlyCount "104"]
[EventDate "2018.12.09"]
[EventType "swiss"]
[EventCountry "ENG"]
[SourceTitle "playchess.com"]
[Source "ChessBase"]
[SourceQuality "1"]
[TimeControl "40/5400+30:1800+30"]

1. e4 c5 2. Nf3 e6 3. d4 cxd4 4. Nxd4 Nc6 5. Nc3 Qc7 6. g3 a6 7. Bg2 Nf6 8. O-O Be7 9. Re1 d6 10. Nxc6 bxc6 11. e5 dxe5 12. Rxe5 O-O 13. Bf4 Qb7 {[%emt 0:15:51] LiveBook: 59 Games} 14. Qd3 {[%emt 0:17:12] B80: Sicilian Scheveningen: 6 g3 and 6 Be3, including English Attack} (14. Na4 Rd8 15. Qf3 Nd5 16. Bd2 Bf6 17. Re4 e5 18. Rae1 Ne7 19. Ba5 Rd5 20. Bc3 Bf5 21. Rb4 Qc7 22. Nb6 {1-0 (35) Movsesian,S (2651)-Sakaev,K (2647) Panormo 2002}) 14... Rd8 15. Qc4 Bd7 $146 ({Predecessor:} 15... Nd5 16. Rae1 Bd7 17. Bg5 Bxg5 18. Rxg5 Qxb2 19. Na4 Qf6 20. h4 h6 21. Rge5 c5 22. Nxc5 {½-½ (31) Rodin,D (2260)-Moltchanov,R (2411) Voronezh 1999}) 16. Rd1 Be8 17. Ree1 Qxb2 18. Rb1 (18. Na4 $15 Qb5 19. Qb3) 18... Qxc2 19. Rec1 $17 Qf5 20. Rb7 Nd5 21. Bd2 Ba3 22. Be4 Qh5 23. Rcb1 c5 24. Qb3 Bb4 25. Nxd5 Bxd2 26. Nc7 Rac8 27. Nxa6 c4 28. Qc2 c3 29. Nc7 Bd7 30. a4 g6 31. Nb5 Qc5 32. a5 Bc6 33. Bxc6 Rxc6 34. Rb3 Ra8 35. Ra3 Qe5 36. Rb6 Rc5 37. Rb3 Rxa5 38. Na3 Kg7 39. R6b4 Qd5 40. Nb1 Ra1 41. h4 Qf5 42. Re4 Rc4 43. f3 Rxe4 44. fxe4 Qf3 45. Kh2 Be1 46. Rxc3 Bxc3 47. Qxc3+ Qxc3 48. Nxc3 Kf6 49. Kg2 Ke5 50. Kf2 Ra3 51. Nb5 Rb3 52. Na7 Kxe4 0-1

[Event "10th LCC FIDE Open 2018"]
[Site "London"]
[Date "2018.12.15"]
[Round "7"]
[White "Bezuidenhout, Roland"]
[Black "Lyell, Mark"]
[Result "1/2-1/2"]
[ECO "A87"]
[WhiteElo "2145"]
[BlackElo "2317"]
[Annotator "NA"]
[PlyCount "93"]
[EventDate "2018.12.09"]
[EventType "swiss"]
[EventCountry "ENG"]
[SourceTitle "playchess.com"]
[Source "ChessBase"]
[SourceQuality "1"]
[TimeControl "40/5400+30:1800+30"]

1. Nf3 f5 2. c4 Nf6 3. g3 g6 4. Bg2 Bg7 5. O-O O-O 6. Nc3 d6 7. d4 Qe8 8. d5 Na6 9. Rb1 Nc5 10. Nd4 Nce4 $146 {[%emt 0:09:08] A87: Dutch Defence: Leningrad System: 5 Nf3} ({Predecessor:} 10... a5 11. b3 h6 12. Bb2 g5 13. Ncb5 Na6 14. e3 Bd7 15. Ne6 Bxe6 16. dxe6 c6 17. Nd4 Nc5 18. Nxf5 Nxe6 19. e4 Qf7 20. Qe2 Rfe8 21. f4 gxf4 22. gxf4 Qh5 23. Bf3 Qg6+ 24. Kh1 Nxf4 25. Qe3 {1-0 (25) Bu,X (2662)-Lu,S (2551) Danzhou 2013}) 11. Ncb5 Qd8 12. f3 Nc5 13. b4 a6 14. Na3 e5 15. bxc5 exd4 16. cxd6 cxd6 17. Nc2 Qc7 18. Qd3 Nd7 19. Qb3 b5 20. cxb5 axb5 21. Na3 Ba6 22. Bf4 Rfe8 23. Rfc1 Qa7 24. Nxb5 Bxb5 25. Qxb5 Rab8 26. Qd3 Rxb1 27. Rxb1 Qxa2 28. Bf1 Qxd5 29. e4 fxe4 30. fxe4 Qxe4 31. Qxe4 Rxe4 32. Bc4+ Kh8 33. Rb7 Nf6 34. Bxd6 Re8 35. Bb5 Ra8 36. Be5 Nh5 37. Bxg7+ Nxg7 38. Rd7 Nf5 39. Bd3 Ra1+ $11 40. Kg2 Ra2+ 41. Kh3 Rd2 42. Bxf5 gxf5 43. Kh4 Rxh2+ 44. Kg5 Rg2 45. Kxf5 Rxg3 46. Rxd4 Rg1 47. Rg4 1/2-1/2

[Event "10th LCC FIDE Open 2018"]
[Site "London"]
[Date "2018.12.15"]
[Round "7"]
[White "Longson, Sarah N"]
[Black "Van Zyl-Rudd, Jack"]
[Result "0-1"]
[ECO "B00"]
[WhiteElo "2137"]
[BlackElo "2306"]
[Annotator "NA"]
[PlyCount "100"]
[EventDate "2018.12.09"]
[EventType "swiss"]
[EventCountry "ENG"]
[SourceTitle "playchess.com"]
[Source "ChessBase"]
[SourceQuality "1"]
[TimeControl "40/5400+30:1800+30"]

1. e4 Nc6 2. Nf3 d6 3. d4 Nf6 4. Nc3 g6 5. d5 Nb8 {[%emt 0:00:08] B00: Queen's Fianchetto Defence, Nimzowitsch Defence} 6. Bf4 Bg7 7. Qd2 O-O 8. Bh6 c6 (8... e5 9. dxe6 Bxe6 10. Bxg7 Kxg7 11. O-O-O Nc6 12. h3 Re8 13. g4 a6 14. Bg2 {½-½ (47) Giri,A (2782)-Duda,J (2737) Dortmund 2018}) 9. Bxg7 Kxg7 10. O-O-O Qa5 11. Kb1 Na6 $146 ({Predecessor:} 11... b5 12. dxc6 Nxc6 13. Qe3 Be6 {0-1 (50) Ganerdene,S (2232)-Ozenir,E (2377) Ahmedabad 2017}) 12. Bxa6 Qxa6 13. h3 c5 14. e5 dxe5 15. Nxe5 b5 16. d6 ({White should play} 16. Rhe1 $16) 16... b4 17. dxe7 Re8 18. Ne2 (18. Ng4 $1 $11 Bxg4 19. hxg4 bxc3 20. Qxc3) 18... Be6 19. b3 Ne4 20. Qd3 Qxd3 21. Nxd3 c4 22. bxc4 Bxc4 23. Rhe1 ({Avoid the trap} 23. f3 $2 Bxd3 24. cxd3 Nf2 $19 {[%mdl 64] Double Attack}) 23... Rxe7 24. f3 Bxd3 25. cxd3 Nc5 $15 26. Nc1 Rd7 27. d4 Na4 28. Rd2 Nb6 29. Nb3 a5 30. Nc5 Rd5 31. Re7 Kf6 32. Rc7 Rc8 33. Ne4+ Kg7 34. Rdc2 Rxc7 35. Rxc7 Rxd4 36. Ng5 Rd7 37. Rc6 Nd5 38. Rc5 a4 39. Ne4 f5 40. Ng5 Nc3+ 41. Kc2 Nxa2 42. Ne6+ Kf6 43. Nf4 b3+ 44. Kb2 Rd2+ 45. Ka3 Rc2 46. Ra5 Nc3 47. Ra6+ Ke5 48. Nd3+ Kd4 49. Rd6+ Ke3 50. Rd7 Rd2 0-1

[Event "10th LCC FIDE Open 2018"]
[Site "London"]
[Date "2018.12.15"]
[Round "7"]
[White "Menzies, Colin"]
[Black "Marzano, Carlo"]
[Result "1/2-1/2"]
[ECO "A09"]
[WhiteElo "2132"]
[BlackElo "2222"]
[Annotator "NA"]
[PlyCount "67"]
[EventDate "2018.12.09"]
[EventType "swiss"]
[EventCountry "ENG"]
[SourceTitle "playchess.com"]
[Source "ChessBase"]
[SourceQuality "1"]
[TimeControl "40/5400+30:1800+30"]

1. Nf3 d5 2. c4 dxc4 3. e3 Nf6 4. Bxc4 e6 {[%emt 0:00:24] LiveBook: 283 Games} 5. O-O {[%emt 0:00:39] A09: Réti Opening: 1 Nf3 d5 2 c4} (5. b3 c5 6. Bb2 Nc6 7. O-O Be7 8. d4 cxd4 9. Nxd4 Nxd4 10. Bxd4 O-O 11. Be2 b6 12. Nc3 Bb7 {½-½ (12) Grachev,B (2626)-Lysyj,I (2631) Sochi 2018}) 5... a6 6. Qc2 b5 $146 ({Predecessor:} 6... c5 7. d4 b5 8. Be2 Nbd7 9. a4 b4 10. Rd1 Bb7 11. Nbd2 Rc8 12. Nc4 Qc7 {0-1 (42) Arcusa,M (1903)-Humeau,C (2203) Tournefeuille 2009}) 7. Be2 c5 8. a4 b4 9. d3 Bb7 10. Nbd2 Be7 11. Nc4 O-O 12. h3 Qc7 13. e4 Nc6 14. Be3 Rfd8 15. Rac1 Rac8 16. g3 Nd7 17. Bf4 e5 18. Be3 Nf8 19. Ncd2 Ne6 20. Nb3 Qb8 21. Qb1 Ncd4 22. Nfxd4 Nxd4 23. Bxd4 cxd4 $11 24. Na5 Rxc1 25. Rxc1 Rc8 26. Bg4 Rc5 27. Rxc5 Bxc5 28. Qc2 Bb6 29. Nxb7 Qxb7 30. Bc8 Qa8 31. Qc4 a5 32. Kh2 Qb8 33. Qc6 Kf8 34. b3 1/2-1/2

[Event "10th LCC FIDE Open 2018"]
[Site "London"]
[Date "2018.12.15"]
[Round "7"]
[White "Johnson, Daniel"]
[Black "Ethelontis, Alexandros N"]
[Result "1-0"]
[ECO "E32"]
[WhiteElo "2111"]
[BlackElo "2187"]
[Annotator "NA"]
[PlyCount "157"]
[EventDate "2018.12.09"]
[EventType "swiss"]
[EventCountry "ENG"]
[SourceTitle "playchess.com"]
[Source "ChessBase"]
[SourceQuality "1"]
[TimeControl "40/5400+30:1800+30"]

1. d4 e6 2. c4 Nf6 3. Nc3 Bb4 4. Qc2 Nc6 5. Nf3 d6 6. g3 O-O 7. Bg2 e5 8. dxe5 {[%emt 0:03:45] E32: Nimzo-Indian: Classical (4 Qc2): 4...0-0} (8. d5 Ne7 9. O-O a6 10. a3 Bc5 11. Bg5 Ne8 12. b4 Ba7 13. e4 h6 14. Be3 f5 15. Bxa7 Rxa7 16. exf5 Bxf5 {½-½ (51) Nisipeanu,L (2674)-Ponomariov,R (2706) Dortmund 2016}) 8... dxe5 9. O-O Bg4 10. Rd1 Qe7 $146 ({Predecessor:} 10... Qc8 11. Nd5 Nxd5 12. cxd5 Bxf3 13. dxc6 Bxg2 14. Kxg2 Bd6 15. Be3 b6 {½-½ (60) Flohr,S-Koenig,I Bournemouth/ Dorseth 1939}) 11. Nd5 Nxd5 12. cxd5 Bxf3 13. dxc6 Bxc6 14. Bxc6 bxc6 15. Qxc6 Bd6 16. Be3 f5 17. Rac1 f4 18. Bc5 Rad8 19. Bxd6 cxd6 20. Qd5+ Kh8 $14 21. Rc6 Rf6 22. Rdc1 h6 23. Rc7 Rd7 24. Qa8+ Kh7 25. Qxa7 Rxc7 26. Rxc7 Qf8 27. Qb7 fxg3 28. hxg3 h5 29. Rc8 Qf7 30. Qxf7 Rxf7 31. b4 Rb7 32. a3 Ra7 33. Rc3 Kg6 34. b5 Kf5 35. b6 Rb7 36. Rb3 Ke6 37. a4 Kd7 38. a5 Kc6 39. e4 g5 40. Kf1 Rb8 41. Rd3 Ra8 42. Rd5 Ra6 43. Ke2 Ra8 44. Kf1 Rd8 45. Rd1 Kb5 46. Ra1 Ka6 47. Ke2 Rh8 48. Rd1 Kb7 49. Rd5 Rd8 50. f4 exf4 51. gxf4 Re8 52. Rxg5 Rxe4+ 53. Kf3 Ra4 54. Rxh5 Kc6 55. Rg5 Ra1 56. Kg4 d5 57. b7 Kxb7 58. Rxd5 Kc6 59. Re5 Kd6 60. Kf5 Ra4 61. Re6+ Kd7 62. Ra6 Ra1 63. Kf6 Rh1 64. Ra7+ Kd6 65. Rg7 Ra1 66. Rg5 Ra4 67. Rf5 Rc4 68. a6 Ra4 69. Kg5 Ke7 70. Rf6 Ra1 71. Rb6 Rg1+ 72. Kf5 Ra1 73. Rb7+ Kd6 74. a7 Ra4 75. Kg5 Ra1 76. Kf6 Ra6 77. Rb6+ Rxb6 78. a8=Q Kc7+ 79. Kg5 1-0

[Event "10th LCC FIDE Open 2018"]
[Site "London"]
[Date "2018.12.15"]
[Round "7"]
[White "Englisch, Colya"]
[Black "Abbas, Daniel"]
[Result "1/2-1/2"]
[ECO "D34"]
[WhiteElo "2105"]
[BlackElo "2280"]
[Annotator "NA"]
[PlyCount "125"]
[EventDate "2018.12.09"]
[EventType "swiss"]
[EventCountry "ENG"]
[SourceTitle "playchess.com"]
[Source "ChessBase"]
[SourceQuality "1"]
[TimeControl "40/5400+30:1800+30"]

1. Nf3 c5 2. g3 Nc6 3. d4 cxd4 4. Nxd4 e6 {[%emt 0:01:04] LiveBook: 31 Games} 5. Bg2 Nf6 6. O-O Bc5 7. Nb3 Be7 8. c4 d5 9. cxd5 exd5 10. Nc3 Be6 11. Bg5 O-O 12. Nd4 Bg4 {[%emt 0:07:45] D34: Tarrasch Defence: 6 g3 Nf6 7 Bg2 Be7} 13. Qa4 Bd7 $146 ({Predecessor:} 13... Qd7 14. Rfd1 Rfd8 15. Nb3 Be6 16. Bxf6 Bxf6 17. Nxd5 Bxd5 18. Bxd5 {1-0 (70) Vakhidov,T (2400)-Faizulaev,A (2382) Tashkent 2018}) 14. Rfd1 h6 15. Be3 Na5 16. Qc2 Rc8 17. Nf5 Bxf5 18. Qxf5 Nc4 $16 19. Bd4 Nxb2 20. Rdc1 Nc4 21. Nxd5 Nxd5 22. Bxd5 b5 23. a4 a6 24. axb5 axb5 25. Qg6 Bf6 26. Bxf6 Qxf6 27. Qxf6 gxf6 28. Ra7 Nd6 29. Rxc8 Nxc8 30. Rb7 Nd6 31. Rb6 Rd8 32. Bc6 Kg7 33. Bxb5 Nxb5 34. Rxb5 Kg6 35. g4 Rd2 36. e3 Ra2 37. Kg2 Rc2 38. h4 Ra2 39. h5+ Kg7 40. Kg3 Ra4 41. f3 Rc4 42. e4 Ra4 43. Kf4 Ra3 44. Rb2 Rc3 45. Re2 Ra3 46. Re3 Ra5 47. Rd3 Rb5 48. Kg3 Rb2 49. Re3 Ra2 50. f4 Rb2 51. e5 fxe5 52. fxe5 Rb4 53. Kf3 Ra4 54. Re4 Ra1 55. Rc4 Rf1+ 56. Ke4 Re1+ 57. Kd5 Rd1+ 58. Rd4 Re1 59. Rf4 Ra1 60. Ke4 Ra4+ 61. Kf5 Ra5 62. Rf1 f6 63. Re1 1/2-1/2

[Event "10th LCC FIDE Open 2018"]
[Site "London"]
[Date "2018.12.15"]
[Round "7"]
[White "Seymour, Timothy P"]
[Black "Venkataramanan, T.S."]
[Result "1-0"]
[ECO "A13"]
[WhiteElo "2080"]
[BlackElo "2253"]
[Annotator "NA"]
[PlyCount "75"]
[EventDate "2018.12.09"]
[EventType "swiss"]
[EventCountry "ENG"]
[SourceTitle "playchess.com"]
[Source "ChessBase"]
[SourceQuality "1"]
[TimeControl "40/5400+30:1800+30"]

1. Nf3 d5 2. e3 Nf6 3. c4 e6 4. b3 a5 {[%emt 0:00:17] A13: English Opening: 1...e6} 5. Nc3 Be7 6. Bb2 O-O 7. d4 c5 $146 ({Predecessor:} 7... b6 8. Bd3 Bb7 9. O-O Nbd7 10. cxd5 exd5 {1-0 (43) Naiditsch,A (2705)-Michalik,P (2557) Dubai 2014}) 8. cxd5 exd5 9. Be2 b6 10. O-O Bb7 11. Rc1 Nbd7 12. Bd3 Rc8 13. Bf5 Bd6 14. Nb5 Bb8 15. dxc5 Rxc5 16. Nc3 Re8 17. Qd2 Ne5 18. Nxe5 Rxe5 19. Bh3 Rh5 20. Ba3 $17 (20. f4 $11) 20... Rxc3 21. Qxc3 Ne4 22. Qd4 Be5 23. Qd1 Rxh3 24. gxh3 Ng5 25. Qg4 h5 26. Qxh5 d4 27. f4 Qd5 28. Rc8+ Bxc8 29. Qxg5 Bb7 30. fxe5 dxe3 31. Rf3 e2 32. Re3 Qh1+ 33. Kf2 Qxh2+ 34. Ke1 Qh1+ 35. Kxe2 Qh2+ 36. Ke1 Qxa2 37. Rd3 Qb1+ 38. Kd2 1-0

[Event "10th LCC FIDE Open 2018"]
[Site "London"]
[Date "2018.12.15"]
[Round "7"]
[White "Price, Gwilym"]
[Black "Keetman, Maaike"]
[Result "1/2-1/2"]
[ECO "C06"]
[WhiteElo "2075"]
[BlackElo "2173"]
[Annotator "NA"]
[PlyCount "85"]
[EventDate "2018.12.09"]
[EventType "swiss"]
[EventCountry "ENG"]
[SourceTitle "playchess.com"]
[Source "ChessBase"]
[SourceQuality "1"]
[TimeControl "40/5400+30:1800+30"]

1. e4 e6 2. d4 d5 3. Nd2 Be7 4. Ngf3 Nf6 5. e5 Nfd7 6. Bd3 c5 7. c3 Nc6 8. O-O a5 9. Re1 cxd4 10. cxd4 Qb6 11. Nb1 Nxd4 12. Nxd4 Qxd4 13. Nc3 Qb6 14. Qg4 Bf8 15. Be3 Qd8 16. Bd4 g6 17. h4 Nc5 18. Bb5+ Bd7 19. Nxd5 exd5 20. e6 fxe6 21. Bxd7+ Qxd7 22. Bxh8 O-O-O 23. Be5 Bh6 24. Qd4 b6 25. b4 axb4 26. Qxb4 Kb7 27. Rab1 Qc6 28. Bd4 Bf8 29. Bxc5 Bxc5 30. Qg4 Re8 31. Rbd1 e5 32. Qg5 Bd4 33. Rxd4 exd4 34. Rxe8 Qxe8 35. Qxd5+ Ka6 36. Qxd4 Qe1+ 37. Kh2 Qe2 38. Qa4+ Kb7 39. Qd7+ Ka6 40. Qa4+ Kb7 41. Qd7+ Ka6 42. Qf7 Qe4 43. Qxh7 1/2-1/2

[Event "10th LCC FIDE Open 2018"]
[Site "London"]
[Date "2018.12.15"]
[Round "7"]
[White "Davison, Chris"]
[Black "Rocco, Federico"]
[Result "0-1"]
[ECO "A37"]
[WhiteElo "2068"]
[BlackElo "2244"]
[Annotator "NA"]
[PlyCount "174"]
[EventDate "2018.12.09"]
[EventType "swiss"]
[EventCountry "ENG"]
[SourceTitle "playchess.com"]
[Source "ChessBase"]
[SourceQuality "1"]
[TimeControl "40/5400+30:1800+30"]

1. Nf3 c5 2. c4 g6 3. g3 Bg7 4. Bg2 Nc6 5. Nc3 e6 6. e3 Nge7 7. O-O O-O 8. d4 cxd4 9. exd4 d5 10. cxd5 Nxd5 11. Nxd5 exd5 12. Be3 {[%emt 0:03:12] A37: Symmetrical English vs ...g6: 4 Bg2 Bg7 5 Nf3} Qb6 (12... Be6 13. Qd2 Qd7 14. Bh6 Bxh6 15. Qxh6 f6 16. Qd2 Rfe8 17. Rac1 Bh3 18. Bxh3 Qxh3 19. b4 a6 {½-½ (46) Vastrukhin,O (2398)-Pridorozhni,A (2571) Taganrog 2018}) 13. Qd2 Bf5 14. Nh4 $146 ({Predecessor:} 14. Rac1 Be4 15. Ne5 Bxg2 16. Kxg2 Rad8 17. Nxc6 bxc6 18. Rc5 Rfe8 19. Rfc1 Rd6 {1-0 (66) Popovic,M (2020)-Genzling,A (2095) Elsass 2004}) 14... Be6 15. Rfd1 Rac8 16. Rac1 a5 17. Rc5 Rfd8 18. Rdc1 Qb4 19. Nf3 Qxd2 20. Bxd2 Nxd4 21. Rxc8 Bxc8 22. Nxd4 $11 Bxd4 23. Bxa5 b6 24. Rd1 Bc5 25. Bc3 d4 26. b4 Bg4 27. Rd3 Re8 28. Bd2 Bf5 29. bxc5 Bxd3 30. cxb6 Ba6 31. b7 d3 32. Bf3 Bxb7 33. Bxb7 Re2 34. Bc3 d2 35. Bxd2 Rxd2 36. a4 Ra2 37. Bc6 Kg7 38. Kg2 Kf6 39. Kf3 Ke5 40. h4 f5 41. Ke3 Ra3+ 42. Ke2 Kd4 43. Be8 f4 44. gxf4 Ke4 45. h5 Ra2+ 46. Kf1 gxh5 47. Bxh5 Rxa4 48. Kg2 Kxf4 49. Bd1 Ra5 50. Bc2 Rg5+ 51. Kh3 Rc5 52. Bd1 Rc1 53. Ba4 Kf3 54. Kh2 Kxf2 55. Be8 Rc8 56. Bd7 Rc7 57. Bb5 Rc5 58. Be8 Kf3 59. Kh3 Kf4 60. Bd7 Kg5 61. Ba4 Rc3+ 62. Kg2 h5 63. Bd7 h4 64. Kh2 Kf4 65. Be6 Rg3 66. Bd7 Ke3 67. Be6 Kf2 68. Bd5 h3 69. Be6 Re3 70. Bd7 Re7 71. Bf5 Re5 72. Bg4 Re8 73. Bd7 Rh8 74. Bg4 Ke3 75. Be6 Kf4 76. Bd7 Rd8 77. Be6 Rd3 78. Bc8 Rc3 79. Be6 Rf3 80. Bc8 Kg5 81. Bxh3 Kh4 82. Bg2 Rf2 83. Kg1 Kg3 84. Bb7 Rb2 85. Be4 Re2 86. Bd3 Re1+ 87. Bf1 Rd1 0-1

[Event "10th LCC FIDE Open 2018"]
[Site "London"]
[Date "2018.12.15"]
[Round "7"]
[White "Marentini, Marcel"]
[Black "Cherniaev, Alexander"]
[Result "0-1"]
[ECO "A07"]
[WhiteElo "2030"]
[BlackElo "2393"]
[Annotator "NA"]
[PlyCount "103"]
[EventDate "2018.12.09"]
[EventType "swiss"]
[EventCountry "ENG"]
[SourceTitle "playchess.com"]
[Source "ChessBase"]
[SourceQuality "1"]
[TimeControl "40/5400+30:1800+30"]

1. Nf3 d5 2. g3 Nc6 3. c4 {[%emt 0:00:34] A07: Réti Opening: New York and Capablanca Systems} (3. d4 Bf5 4. Bg2 e6 5. O-O Nb4 6. Na3 c6 7. c3 Na6 8. Qb3 Qc8 9. Nh4 Be4 10. f3 Bg6 11. Nxg6 hxg6 12. e4 Nf6 13. e5 Nd7 14. f4 {1-0 (51) Grischuk,A (2766)-Duda,J (2737) chess.com INT 2018}) 3... e6 4. Bg2 g6 5. O-O Bg7 6. d3 Nge7 7. Na3 O-O 8. Rb1 a5 9. Nc2 $146 ({Predecessor:} 9. Nb5 h6 10. cxd5 Nxd5 11. Bd2 e5 12. Nc3 Be6 13. Ne4 g5 14. h3 {½-½ (54) Carlstedt,J (2409)-Fries Nielsen,J (2430) Hamburg 2011}) 9... h6 10. e3 dxc4 11. dxc4 e5 12. Qe2 f5 13. b3 g5 14. Ba3 Qe8 15. Nd2 g4 16. f3 h5 17. fxg4 hxg4 18. Rbd1 Ra6 19. h3 gxh3 20. Bxh3 e4 21. Rf2 Ne5 22. Ne1 Rg6 23. Nf1 Rg5 24. Bb2 N7c6 25. Ng2 Nd3 26. Rxd3 exd3 27. Qxd3 Bxb2 28. Rxb2 Qe5 29. Qd5+ Be6 30. Qxe5 Nxe5 31. Nf4 Bf7 32. Bg2 c6 33. Rd2 Re8 34. Rd6 Kf8 35. c5 $17 a4 36. Rd4 axb3 37. axb3 Ra8 38. Rb4 Ra7 39. Kf2 Ke7 40. Ke1 Rg8 41. Kd2 Nd7 42. Bh3 Nxc5 43. Bxf5 Nxb3+ 44. Kc3 Nc5 45. g4 b5 46. Ng3 Ra3+ 47. Kd2 Ra2+ 48. Kc3 Na4+ 49. Kd3 c5 50. Re4+ Kd6 51. Be6 c4+ 52. Kd4 {[%emt 0:01:16] Ke5+} 0-1

[Event "10th LCC FIDE Open 2018"]
[Site "London"]
[Date "2018.12.15"]
[Round "7"]
[White "Kromhout, Ewan"]
[Black "Roe, Simon J"]
[Result "1/2-1/2"]
[ECO "D05"]
[WhiteElo "2019"]
[BlackElo "2223"]
[Annotator "NA"]
[PlyCount "92"]
[EventDate "2018.12.09"]
[EventType "swiss"]
[EventCountry "ENG"]
[SourceTitle "playchess.com"]
[Source "ChessBase"]
[SourceQuality "1"]
[TimeControl "40/5400+30:1800+30"]

1. d4 Nf6 2. Nf3 d5 3. e3 e6 4. Bd3 c5 5. c3 Nbd7 6. Nbd2 g6 7. O-O Bg7 8. e4 dxe4 9. Nxe4 Nxe4 10. Bxe4 O-O 11. Bg5 Qb6 12. Qd2 cxd4 13. cxd4 Nf6 14. Rfe1 Bd7 $11 15. Bc2 Rac8 16. Bb3 Bc6 17. Ne5 Ne4 18. Rxe4 Bxe4 19. Re1 Bd5 20. Bxd5 exd5 21. Nd7 Qxd4 22. Qxd4 Bxd4 23. Nxf8 Kxf8 24. Rd1 Bxb2 25. Rxd5 f6 26. Be3 Rc7 27. g3 b6 28. Bf4 Rb7 29. Rd8+ Ke7 30. Rc8 Ke6 31. Kg2 f5 32. Kf3 Rd7 33. Ke2 Bd4 34. h4 Kd5 35. f3 Bc5 36. Kd3 Re7 37. a4 a5 38. Rd8+ Kc6 39. Kc4 Bf2 40. Rd6+ Kb7 41. Rd8 Bc5 42. Kb5 Bf2 43. Rb8+ Ka7 44. Rd8 Kb7 45. Rb8+ Ka7 46. Rd8 Kb7 1/2-1/2

[Event "10th LCC FIDE Open 2018"]
[Site "London"]
[Date "2018.12.15"]
[Round "7"]
[White "Keely, Leo A"]
[Black "Dougan Maho, Harold"]
[Result "1-0"]
[ECO "B02"]
[WhiteElo "1964"]
[BlackElo "2204"]
[Annotator "NA"]
[PlyCount "101"]
[EventDate "2018.12.09"]
[EventType "swiss"]
[EventCountry "ENG"]
[SourceTitle "playchess.com"]
[Source "ChessBase"]
[SourceQuality "1"]
[TimeControl "40/5400+30:1800+30"]

1. e4 Nf6 2. e5 Nd5 3. Nc3 Nxc3 4. dxc3 d5 5. Nf3 Bg4 {[%emt 0:02:39] B02: Alekhine's Defence: Chase Variation and lines with early Nc3} (5... c5 6. Bf4 Nc6 7. c4 e6 8. Qd2 Be7 9. Bd3 h6 10. h4 a6 11. h5 Nb4 12. Be2 dxc4 13. Bxc4 b5 {½-½ (24) Diogo,V (2290)-Spraggett,K (2606) Figueira da Foz 2009}) 6. h3 Bh5 7. e6 $146 ({Predecessor:} 7. g4 Bg6 8. e6 Qd6 9. exf7+ Bxf7 10. Qd4 Nd7 11. Bf4 Qe6+ 12. Ne5 g5 13. O-O-O Bg7 {0-1 (13) Lamas Mercadal,M (2188)-Garza Marco,S (2403) Zaragoza 2011}) 7... fxe6 8. g4 Bf7 9. Ne5 Bg8 10. Bb5+ c6 11. Bd3 Nd7 12. Bf4 g5 13. Bg3 Bg7 14. Qe2 Qb6 15. O-O-O O-O-O 16. Rhe1 Nc5 17. Qd2 Bf6 18. f3 Nxd3+ 19. Qxd3 h5 20. Qe2 hxg4 21. hxg4 Rh3 22. Bf2 Qa5 23. Kb1 Rh2 24. Nd3 $17 (24. Qf1 $1 $11 {remains equal.}) 24... Qb5 25. Qe3 b6 26. Rh1 d4 27. Qe4 Rxh1 28. Rxh1 dxc3 29. b3 Qd5 30. Qa4 Qxf3 31. Qa6+ Kb8 32. Rc1 Bh7 33. Bxb6 axb6 34. Qxb6+ Kc8 35. Nc5 Bxc2+ 36. Ka1 Rd7 37. Qa6+ Kc7 38. Qa7+ Kd6 39. Nxd7 Bg7 40. Nb6 Qf4 41. Qb8+ Kc5 42. Qxf4 gxf4 43. Na4+ Kd4 44. Rxc2 Kd3 45. Kb1 Bd4 46. b4 e5 47. Nc5+ Ke3 48. Ne6 f3 49. g5 e4 50. g6 Bf6 51. g7 1-0

[Event "10th LCC FIDE Open 2018"]
[Site "London"]
[Date "2018.12.15"]
[Round "7"]
[White "Penna, Tommaso"]
[Black "Laustsen, Lars"]
[Result "1-0"]
[ECO "D19"]
[WhiteElo "1963"]
[BlackElo "2186"]
[Annotator "NA"]
[PlyCount "69"]
[EventDate "2018.12.09"]
[EventType "swiss"]
[EventCountry "ENG"]
[SourceTitle "playchess.com"]
[Source "ChessBase"]
[SourceQuality "1"]
[TimeControl "40/5400+30:1800+30"]

1. d4 d5 2. c4 c6 3. Nf3 Nf6 4. Nc3 dxc4 5. a4 Bf5 6. e3 e6 7. Bxc4 Bb4 8. O-O Nbd7 9. Qe2 Bg6 10. e4 O-O 11. Bd3 Bh5 12. e5 Nd5 13. Nxd5 cxd5 14. Qe3 Re8 15. Ng5 Bg6 16. Bxg6 fxg6 17. a5 Bxa5 18. Qf3 Re7 19. Nxe6 Rxe6 20. Qxd5 Nf8 21. Rxa5 a6 22. Bd2 b6 23. Qxd8 Rxd8 24. Rxa6 Rxd4 25. Bc3 Rd8 26. f4 Nd7 27. Rd1 Kf7 28. Ra7 Ke8 29. Kf2 h5 30. Kg3 Rc6 31. Kh4 Rc4 32. Kg5 Nf8 33. Rxd8+ Kxd8 34. g3 Rc6 35. Ra8+ 1-0

[Event "10th LCC FIDE Open 2018"]
[Site "London"]
[Date "2018.12.15"]
[Round "7"]
[White "Rogacewicz, Mikolaj"]
[Black "Brooks, Phil J"]
[Result "0-1"]
[ECO "E11"]
[WhiteElo "1925"]
[BlackElo "2184"]
[Annotator "NA"]
[PlyCount "66"]
[EventDate "2018.12.09"]
[EventType "swiss"]
[EventCountry "ENG"]
[SourceTitle "playchess.com"]
[Source "ChessBase"]
[SourceQuality "1"]
[TimeControl "40/5400+30:1800+30"]

1. d4 e6 2. c4 d5 3. Nf3 Nf6 4. g3 dxc4 5. Bg2 Bb4+ 6. Bd2 a5 7. O-O Nc6 8. e3 Nd5 {[%emt 0:20:32] E11: Bogo-Indian} 9. Nc3 $146 ({Predecessor:} 9. Qc1 Nb6 10. Bxb4 axb4 11. Nbd2 Na5 12. Ne5 Bd7 13. a3 c3 14. bxc3 bxc3 15. Qxc3 O-O 16. Rfc1 {½-½ (26) Maletin,P (2584)-Aleksandrov,A (2604) Mumbai 2010}) 9... Nb6 10. Qe2 O-O 11. Rad1 Qe7 12. e4 e5 13. d5 Nd4 14. Nxd4 exd4 15. Nb5 d3 16. Qe3 Bc5 17. Qf4 Bd7 18. Nxc7 Bd6 19. e5 Bxe5 20. Qe3 Rac8 21. Bc3 f6 22. Qxb6 Bxc7 23. Qxb7 $19 (23. d6 $1 $15 Qxd6 24. Qxd6 Bxd6 25. Bxb7) 23... Qd6 24. Bd4 Ra8 25. Ba7 Rfb8 26. Bxb8 Rxb8 27. Qa7 Bb6 28. Qxb8+ Qxb8 29. Rd2 Qe5 30. Rc1 Qd4 31. Re1 Bf5 32. h3 a4 33. Re8+ Kf7 0-1